 Dungeon Crawl Stone Soup version 0.28.0-53-g5a82cb258f (webtiles) character file.

Game seed: 3693328797360210475

482 Peloso the Covered (level 6, -5/56 HPs)
             Began as a Minotaur Fighter on Aug 18, 2022.
             Engulfed by a steam dragon's steam (11 damage)
             ... on level 5 of the Dungeon.
             The game lasted 00:06:00 (4327 turns).

Peloso the Covered (Minotaur Fighter)               Turns: 4327, Time: 00:06:01

Health: -5/56      AC: 13    Str: 20    XL:     6   Next: 87%
Magic:  5/5        EV:  6    Int:  5    God:
Gold:   107        SH:  9    Dex: 12    Spells: 5/5 levels left

rFire   . . .      SeeInvis .   a - +0 long sword
rCold   . . .      Faith    .   c - +0 kite shield
rNeg    . . .      Spirit   .   e - +0 chain mail
rPois   .          Reflect  .   (helmet restricted)
rElec   .          Harm     .   t - +2 cloak
rCorr   .          Rampage  .   (no gloves)
Will    .....                   (no boots)
Stlth   ..........              (no amulet)
HPRegen 0.18/turn               (no ring)
MPRegen 0.09/turn               (no ring)

@: no status effects
A: horns 2, retaliatory headbutt
a: no special abilities


You were on level 5 of the Dungeon.
You visited 1 branch of the dungeon, and saw 5 of its levels.

You collected 107 gold pieces.

Inventory:

Hand Weapons
 a - a +0 long sword (weapon)
 b - a +0 hand axe of flaming
Missiles
 m - 2 throwing nets (quivered)
Armour
 c - a +0 kite shield (worn)
 e - a +0 chain mail (worn)
 t - a +2 cloak (worn)
Jewellery
 l - an amulet of the acrobat
 n - an amulet of faith
 p - a ring of protection from cold
Scrolls
 f - 2 scrolls of teleportation
 g - a scroll of fear {unknown}
 h - a scroll of acquirement {unknown}
 j - 2 scrolls of magic mapping {unknown}
 k - 3 scrolls of silence {unknown}
 o - a scroll of identify
 q - a scroll of immolation {unknown}
Potions
 d - 3 potions of might
 i - a potion of curing
 r - 2 potions of flight {unknown}
 s - a potion of heal wounds {unknown}


   Skills:
 + Level 5.5 Fighting
 + Level 5.5 Long Blades
 + Level 5.8 Armour
 + Level 0.9 Dodging
 + Level 0.4 Stealth
 + Level 4.6 Shields


You had 5 spell levels left.
You didn't know any spells.
Your spell library contained the following spells:

 Spells                   Type           Power      Damage    Failure   Level
 Freeze                   Ice            0%         1d3       100%        1
 Frozen Ramparts          Ice            0%         1d2       100%        3
 Hailstorm                Conj/Ice       0%         3d3       100%        4
 Ice Form                 Ice/Tmut       0%         N/A       100%        4
 Summon Ice Beast         Ice/Summ       0%         N/A       100%        4


Dungeon Overview and Level Annotations

Branches:
Dungeon (5/15)
 Temple: D:4-7

Altars:

Shops:
D:4 =


Innate Abilities, Weirdness & Mutations

You have a pair of horns on your head.
You reflexively headbutt those who attack you in melee.


Message History

You are engulfed in a cloud of scalding steam.
The steam dragon bites you.
* * * LOW HITPOINT WARNING * * *
The steam dragon claws you but does no damage.
The steam dragon bites you but does no damage.
You block the steam dragon's attack.
You hit the steam dragon.
The steam dragon is severely wounded.
You are engulfed in a cloud of scalding steam.
* * * LOW HITPOINT WARNING * * *
The steam dragon bites you.
* * * LOW HITPOINT WARNING * * *
You block the steam dragon's attack.
You feel better.
You are engulfed in a cloud of scalding steam.
The steam dragon bites you.
* * * LOW HITPOINT WARNING * * *
You block the steam dragon's attack.
You closely miss the steam dragon.
The steam dragon is severely wounded.
The steam dragon barely misses you. The steam dragon claws you.
* * * LOW HITPOINT WARNING * * *
The steam dragon breathes steam at you. The ball of steam hits you!
* * * LOW HITPOINT WARNING * * *
You feel better.
You are engulfed in a cloud of scalding steam.
* * * LOW HITPOINT WARNING * * *
You block the steam dragon's attack. x2
You feel better.
You are engulfed in a cloud of scalding steam.
* * * LOW HITPOINT WARNING * * *
The steam dragon bites you.
* * * LOW HITPOINT WARNING * * *
The steam dragon claws you but does no damage.
You closely miss the steam dragon.
You headbutt the steam dragon, but do no damage.
The steam dragon is severely wounded.
You are engulfed in a cloud of scalding steam.
You die...

####.# #.##.#
########### #.....
#.........# #.##.#
#.........####.##.#
#.?............##.#
#...ยง.....###..##.#
#.........# #..##.#
#.@...##.## #..##.#
#D###.##... #..##.#
#. .....##.#... #.
.#.##.# #....
#.#.#.##.# #..## ..
#. .. .#


You could see a steam dragon.

Vanquished Creatures
  Grinder (D:4)
  A gnoll shaman (D:4)
  A hound (D:4)
  Crazy Yiuf (D:4)
  8 gnolls
  5 adders
  An ufetubus (D:4)
  A worm (D:3)
  4 orcs
  6 ball pythons
  5 endoplasms
  A giant cockroach (D:4)
  7 goblins
  A hobgoblin (D:1)
  11 jackals
  11 kobolds
  2 quokkas
  3 bats
  5 frilled lizards
  5 rats
80 creatures vanquished.

Notes
Turn   | Place    | Note
-------+----------+-------------------------------------------
     0 | D:1      | Peloso the Minotaur Fighter began the quest for the Orb.
     0 | D:1      | Reached XP level 1. HP: 19/19 MP: 0/0
   289 | D:1      | Reached XP level 2. HP: 27/27 MP: 1/1
   432 | D:1      | Found a faded altar of an unknown god.
   863 | D:2      | Reached XP level 3. HP: 28/33 MP: 2/2
  1214 | D:2      | Reached XP level 4. HP: 13/41 MP: 3/3
  1293 | D:2      | HP: 1/41 [gnoll/+0 spear (4)]
  3052 | D:4      | Reached XP level 5. HP: 47/47 MP: 4/4
  3090 | D:4      | Noticed Grinder
  3177 | D:4      | Killed Grinder
  3178 | D:4      | Reached skill level 5 in Fighting
  3178 | D:4      | Reached skill level 5 in Armour
  3178 | D:4      | Reached XP level 6. HP: 27/56 MP: 5/5
  3360 | D:3      | Reached skill level 5 in Long Blades
  3594 | D:4      | Found Yruew's Jewellery Shoppe.
  3643 | D:4      | Found a runed translucent door.
  3644 | D:4      | Noticed Crazy Yiuf
  4245 | D:4      | Killed Crazy Yiuf
  4281 | D:5      | Entered Level 5 of the Dungeon
  4313 | D:5      | Noticed a steam dragon
  4324 | D:5      | HP: 2/56 [steam dragon/ball of steam (11)]
  4327 | D:5      | Engulfed by a steam dragon's steam

Illustrated notes

Levels and vault maps discovered:
D:1:      tarquinn_simple_flora_water_a, layout_loops_ring,
          hellmonk_ecumenical_altar_heavens_door
D:2:      layout_basic, serial_corexii_hall, corexii_hall_statues_i,
          chequers_hall_statues_y, chequers_hall_statues_corner_a,
          corexii_hall_statues_deadend, amcnicky_mini_rare_corridor_liquid,
          dk_vineyard_2
D:3:      layout_loops_ring
D:4:      layout_basic, serial_shops, shop, uniq_crazy_yiuf_cottage,
          uniq_grinder
D:5:      layout_basic, minivault_1, chequers_serial_rivers_micro_c,
          grunt_decor_resistance

Skill      XL: |  1  2  3  4  5  6 |
---------------+-------------------+-----
Fighting       | 4 5 |  5.5
Armour         | 4 5 |  5.8
Shields        | 4 |  4.6
Long Blades    | 3 4 5 |  5.5
Dodging        | |  0.9
Stealth        | |  0.4

Action                   |  1- 3 |  4- 6 || total
-------------------------+-------+-------++-------
Melee: Long sword        |    77 |   147 ||   224
       Headbutt          |     8 |    32 ||    40
  Use: Scroll            |       |     2 ||     2
       Potion            |       |     3 ||     3
Armor: Scale mail        |    10 |       ||    10
       Chain mail        |    42 |    82 ||   124
Dodge: Dodged            |    43 |    46 ||    89
Block: Buckler           |    16 |    36 ||    52
       Kite shield       |       |    12 ||    12
